[Event "12th Arad Open 2019"]
[Site "Arad"]
[Date "2019.07.30"]
[Round "8.27"]
[White "Kutnik, Alexandru-Francisc"]
[Black "Vasiesiu, Victor"]
[Result "0-1"]
[ECO "B06"]
[WhiteElo "2043"]
[BlackElo "2269"]
[Annotator "NA"]
[PlyCount "140"]
[EventDate "2019.07.24"]
[EventType "swiss"]
[EventCountry "ROU"]
[SourceTitle "playchess.com"]
[Source "ChessBase"]
[SourceQuality "1"]
[TimeControl "40/5400+30:900+30"]

1. e4 g6 2. d4 Bg7 3. Nc3 c6 4. Nf3 d6 5. a4 Nf6 6. h3 O-O 7. Be2 Qc7 8. Be3 e5 9. Qd2 Re8 10. dxe5 dxe5 11. a5 Nbd7 12. O-O Nf8 13. Bc4 Be6 14. Qe2 b5 15. axb6 axb6 16. Ng5 Bxc4 17. Qxc4 h6 18. Rxa8 Rxa8 19. Nf3 Ne6 20. Nd2 b5 21. Qe2 Nd4 22. Bxd4 exd4 23. Nd1 Re8 24. Qd3 Nd7 25. f4 Nc5 26. Qf3 Qa5 27. Rf2 Nxe4 28. Nxe4 Qe1+ 29. Rf1 Qxe4 30. Qd3 f5 31. g3 Qxd3 32. cxd3 c5 33. b3 Ra8 34. Nf2 Ra2 35. Rb1 Kf7 36. Kg2 Ke6 37. Kf3 Kd5 38. g4 Bf6 39. Kg3 Bd8 40. gxf5 gxf5 41. Re1 Bc7 42. Kf3 Bxf4 43. Re8 Bg5 44. Rf8 Ke6 45. Re8+ Kd6 46. Rf8 Bh4 47. Nh1 Rh2 48. Rh8 Bg5 49. Ng3 Rd2 50. Nxf5+ Ke5 51. Kg4 Rxd3 52. h4 Bd2 53. Re8+ Kf6 54. Rf8+ Ke6 55. Re8+ Kd7 56. Re7+ Kc6 57. Re6+ Kd5 58. Re2 Be3 59. Rb2 Rd2 60. Rb1 Rg2+ 61. Kh3 Rf2 62. Ne7+ Ke4 63. Nc8 Bf4 64. Kg4 Rg2+ 65. Kh5 d3 66. Na7 d2 67. Nxb5 Kd3 68. Na3 Re2 69. Nc4 Re1 70. Nxd2 Bxd2 0-1

[Event "12th Arad Open 2019"]
[Site "Arad"]
[Date "2019.07.30"]
[Round "8.28"]
[White "Fluerariu, Radu-Cristian"]
[Black "Starcevic, Ante Leon"]
[Result "0-1"]
[ECO "B22"]
[WhiteElo "2021"]
[BlackElo "2217"]
[Annotator "NA"]
[PlyCount "78"]
[EventDate "2019.07.24"]
[EventType "swiss"]
[EventCountry "ROU"]
[SourceTitle "playchess.com"]
[Source "ChessBase"]
[SourceQuality "1"]
[TimeControl "40/5400+30:900+30"]

1. e4 c5 2. c3 d5 3. exd5 Qxd5 4. Nf3 g6 5. d4 Bg7 6. Na3 cxd4 7. Bc4 Qe4+ 8. Be3 Nh6 9. cxd4 O-O 10. O-O Nf5 11. Re1 Nxe3 12. Rxe3 Qf4 13. g3 Qg4 14. Qb3 Nc6 15. d5 Na5 16. Qb5 Nxc4 17. Nxc4 Bf6 18. Rae1 Qd7 19. Qxd7 Bxd7 20. Nfe5 Rfd8 21. d6 Be6 22. dxe7 Bxe7 23. b3 Bb4 24. Rf1 Rac8 25. a3 Bc5 26. Rd3 Rxd3 27. Nxd3 Bd4 28. Rc1 b5 29. Nd6 Rxc1+ 30. Nxc1 a6 31. a4 Bb2 32. Nd3 Ba3 33. Ne4 Bxb3 34. a5 Bc2 35. Ndc5 Bxe4 36. Nxe4 Bb4 37. Nf6+ Kf8 38. Nd7+ Ke7 39. Nb8 Bd6 0-1

[Event "12th Arad Open 2019"]
[Site "Arad"]
[Date "2019.07.30"]
[Round "8.29"]
[White "Radulescu, Andrei"]
[Black "Kantorik, Marian"]
[Result "1-0"]
[ECO "A06"]
[WhiteElo "1844"]
[BlackElo "2196"]
[Annotator "NA"]
[PlyCount "105"]
[EventDate "2019.07.24"]
[EventType "swiss"]
[EventCountry "ROU"]
[SourceTitle "playchess.com"]
[Source "ChessBase"]
[SourceQuality "1"]
[TimeControl "40/5400+30:900+30"]

1. Nf3 d5 2. e3 Nf6 3. c4 c6 4. b3 Bg4 5. Bb2 e6 6. Be2 Nbd7 7. d4 Bb4+ 8. Nbd2 Ne4 9. O-O Nc3 10. Qe1 Nxe2+ 11. Qxe2 O-O 12. a3 Bxd2 13. Qxd2 Bxf3 14. gxf3 Qg5+ 15. Kh1 Qh5 16. Qd1 f5 17. f4 Qh4 18. Qf3 Rf6 19. Rg1 Rg6 20. Rxg6 hxg6 21. Rg1 Kf7 22. Qg3 Qh5 23. f3 Rh8 24. Rg2 Rh6 25. Kg1 Qh4 26. Bc3 b6 27. Qxh4 Rxh4 28. Kf2 Rh8 29. Ke2 Nf6 30. Bb4 a5 31. Bd6 a4 32. c5 bxc5 33. Bxc5 axb3 34. Kd3 Nd7 35. Kc3 Rh3 36. Rf2 g5 37. fxg5 e5 38. Kxb3 e4 39. fxe4 Rxe3+ 40. Kb4 dxe4 41. Rxf5+ Ke6 42. d5+ Kxf5 43. Bxe3 cxd5 44. a4 Ke5 45. Kc3 Nb8 46. Bd4+ Kf5 47. Bxg7 Kxg5 48. Kd4 Kg6 49. Bf8 Nd7 50. Bd6 Kf5 51. a5 Ke6 52. Bc7 e3 53. Kxe3 1-0

[Event "12th Arad Open 2019"]
[Site "Arad"]
[Date "2019.07.30"]
[Round "8.30"]
[White "Anuta, Elefterie-Laurentiu"]
[Black "Ghimpu, Samuel-Timotei"]
[Result "1-0"]
[ECO "A40"]
[WhiteElo "1813"]
[BlackElo "2193"]
[Annotator "NA"]
[PlyCount "61"]
[EventDate "2019.07.24"]
[EventType "swiss"]
[EventCountry "ROU"]
[SourceTitle "playchess.com"]
[Source "ChessBase"]
[SourceQuality "1"]
[TimeControl "40/5400+30:900+30"]

1. d4 g6 2. Nf3 f5 3. Bf4 Nf6 4. e3 Bg7 5. Be2 d6 6. Nc3 O-O 7. Qd2 c6 8. h4 h6 9. O-O-O b5 10. Bd3 Qa5 11. a3 Be6 12. Ne4 Qa4 13. Nxf6+ Rxf6 14. Qb4 Qa6 15. Qd2 Nd7 16. e4 fxe4 17. Bxe4 b4 18. Bxh6 bxa3 19. b3 Bf5 20. Bxg7 Kxg7 21. Bxf5 Rxf5 22. h5 gxh5 23. Qe3 Qa5 24. Qxe7+ Rf7 25. Qxd6 Nf6 26. Ne5 Rb7 27. Rd3 a2 28. Rg3+ Kh7 29. Rxh5+ Nxh5 30. Qg6+ Kh8 31. Qxh5+ 1-0

[Event "12th Arad Open 2019"]
[Site "Arad"]
[Date "2019.07.30"]
[Round "8.31"]
[White "Kelly, Ladislau-Endre"]
[Black "Veneteanu, Mihai"]
[Result "1-0"]
[ECO "C28"]
[WhiteElo "2182"]
[BlackElo "1668"]
[Annotator "NA"]
[PlyCount "69"]
[EventDate "2019.07.24"]
[EventType "swiss"]
[EventCountry "ROU"]
[SourceTitle "playchess.com"]
[Source "ChessBase"]
[SourceQuality "1"]
[TimeControl "40/5400+30:900+30"]

1. e4 e5 2. Bc4 Nf6 3. Nc3 Nc6 4. d3 h6 5. Nf3 Bc5 6. h3 d6 7. Na4 Bb6 8. Nxb6 axb6 9. a3 O-O 10. g4 d5 11. exd5 Nxd5 12. Be3 Nf4 13. Bxf4 exf4 14. Kd2 Qf6 15. c3 Na5 16. Ba2 b5 17. Nd4 Bd7 18. h4 c5 19. g5 hxg5 20. hxg5 Qxg5 21. Nf3 Qf6 22. Qg1 c4 23. Qh2 Qh6 24. Qxh6 gxh6 25. Rag1+ Kh7 26. Ng5+ Kg6 27. Ne6+ Kf5 28. Nxf8 Rxf8 29. Rxh6 Nc6 30. Rh5+ Kf6 31. Rxb5 Ne5 32. Rxe5 Kxe5 33. Bxc4 Kf6 34. Bd5 Rh8 35. Rh1 1-0

[Event "12th Arad Open 2019"]
[Site "Arad"]
[Date "2019.07.30"]
[Round "8.32"]
[White "Dobre, Claudiu-Cristian"]
[Black "Bucek, Eduard"]
[Result "1-0"]
[ECO "A28"]
[WhiteElo "2340"]
[BlackElo "1960"]
[Annotator "NA"]
[PlyCount "125"]
[EventDate "2019.07.24"]
[EventType "swiss"]
[EventCountry "ROU"]
[SourceTitle "playchess.com"]
[Source "ChessBase"]
[SourceQuality "1"]
[TimeControl "40/5400+30:900+30"]

1. c4 e5 2. Nc3 Nf6 3. Nf3 Nc6 4. e3 Bb4 5. Qc2 O-O 6. Nd5 d6 7. Bd3 h6 8. a3 Bc5 9. b4 Bb6 10. Nxb6 axb6 11. Bb2 Re8 12. Be2 e4 13. Nd4 Ne5 14. f4 Ng6 15. O-O Bd7 16. Qc3 Qe7 17. Kh1 c5 18. Nc2 Rec8 19. b5 Ne8 20. d4 f5 21. d5 Nf6 22. h3 Rf8 23. g3 Kh7 24. Rf2 Rh8 25. Rg1 h5 26. Kg2 Kg8 27. Kf1 Kf7 28. Ke1 Rh7 29. Na1 Rhh8 30. Nb3 Rh7 31. Kd1 Qd8 32. Kc2 Qe7 33. Nc1 Rah8 34. Qe1 Qe8 35. Na2 Ne7 36. Nc3 Qa8 37. Kb1 Rh6 38. Bd1 Rg6 39. Rfg2 Qa5 40. Bc2 Nc8 41. Qc1 Ne7 42. Nd1 Qa8 43. a4 Qa5 44. Bc3 Qa8 45. Nf2 Qc8 46. Ka2 Qa8 47. Qd2 Qc8 48. Kb2 Qc7 49. Bd1 Qc8 50. Kb3 Neg8 51. Be2 Rh7 52. Qd1 Kf8 53. g4 hxg4 54. hxg4 fxg4 55. Nxg4 Nxg4 56. Bxg4 Bxg4 57. Rxg4 Rxg4 58. Rxg4 Qf5 59. Qg1 Nf6 60. Rg5 Qh3 61. Bxf6 gxf6 62. Rg8+ Ke7 63. Rb8 1-0

[Event "12th Arad Open 2019"]
[Site "Arad"]
[Date "2019.07.30"]
[Round "8.33"]
[White "Panush, Viktor"]
[Black "Manea, Alexandru"]
[Result "1/2-1/2"]
[ECO "A07"]
[WhiteElo "1957"]
[BlackElo "2333"]
[Annotator "NA"]
[PlyCount "59"]
[EventDate "2019.07.24"]
[EventType "swiss"]
[EventCountry "ROU"]
[SourceTitle "playchess.com"]
[Source "ChessBase"]
[SourceQuality "1"]
[TimeControl "40/5400+30:900+30"]

1. Nf3 Nf6 2. g3 d5 3. Bg2 c6 4. O-O Bg4 5. d3 e6 6. c4 Nbd7 7. Nc3 Be7 8. Be3 O-O 9. Qb3 Qc7 10. Rac1 Rfc8 11. h3 Bxf3 12. Bxf3 dxc4 13. dxc4 Nc5 14. Qc2 a5 15. b3 Rd8 16. Rcd1 h6 17. Kg2 Rxd1 18. Rxd1 Rd8 19. Rxd8+ Qxd8 20. Qd2 Qxd2 21. Bxd2 Bd6 22. Be3 Nfd7 23. Ne4 Nxe4 24. Bxe4 Kf8 25. Bd2 Bb4 26. Bc1 Bc5 27. Bd2 Bb4 28. Bc1 Bc5 29. Bd2 Bb4 30. Bc1 1/2-1/2

[Event "12th Arad Open 2019"]
[Site "Arad"]
[Date "2019.07.30"]
[Round "8.34"]
[White "Obada, Ema"]
[Black "Ursan, Petru-Sebastian"]
[Result "1-0"]
[ECO "B31"]
[WhiteElo "1946"]
[BlackElo "2212"]
[Annotator "NA"]
[PlyCount "79"]
[EventDate "2019.07.24"]
[EventType "swiss"]
[EventCountry "ROU"]
[SourceTitle "playchess.com"]
[Source "ChessBase"]
[SourceQuality "1"]
[TimeControl "40/5400+30:900+30"]

1. e4 c5 2. Nf3 Nc6 3. Bb5 g6 4. Bxc6 bxc6 5. d4 Bg7 6. dxc5 Qa5+ 7. Nbd2 Ba6 8. Rb1 Qxc5 9. b4 Qb6 10. c4 Nf6 11. O-O d6 12. Re1 O-O 13. Bb2 c5 14. b5 Bb7 15. Qc2 e5 16. Rbd1 Nh5 17. Nf1 f5 18. Ng5 Bh6 19. Bc1 f4 20. Nf3 Rf7 21. Bb2 Ng7 22. Bc3 a6 23. a4 axb5 24. a5 Qa6 25. cxb5 Qxb5 26. Rxd6 c4 27. Nxe5 Re7 28. Rb6 Qe8 29. Nd2 f3 30. Ndxf3 Nh5 31. Bb4 Ba6 32. Bxe7 Qxe7 33. Nc6 Qf7 34. Nfe5 Qe6 35. Qb2 Bf8 36. Nb8 Qc8 37. Nxa6 Rxa6 38. Rxa6 Qxa6 39. Qb6 Qc8 40. Qc6 1-0

[Event "12th Arad Open 2019"]
[Site "Arad"]
[Date "2019.07.30"]
[Round "8.35"]
[White "Pasti, Aron"]
[Black "Bobocea, Laurentiu-Vlad"]
[Result "1-0"]
[ECO "B90"]
[WhiteElo "2209"]
[BlackElo "1908"]
[Annotator "NA"]
[PlyCount "83"]
[EventDate "2019.07.24"]
[EventType "swiss"]
[EventCountry "ROU"]
[SourceTitle "playchess.com"]
[Source "ChessBase"]
[SourceQuality "1"]
[TimeControl "40/5400+30:900+30"]

1. e4 c5 2. Nf3 d6 3. d4 cxd4 4. Nxd4 Nf6 5. Nc3 a6 6. h3 e6 7. g4 d5 8. Nde2 Bb4 9. Bg2 Nxe4 10. Bxe4 dxe4 11. Qxd8+ Kxd8 12. Bf4 Bd7 13. O-O-O Ke7 14. Nxe4 Bc6 15. N2g3 Nd7 16. c3 Ba5 17. Bd6+ Ke8 18. Rhe1 Nf6 19. Nxf6+ gxf6 20. Bc5 Bd8 21. Nf5 Rg8 22. Nd6+ Kf8 23. Nxb7+ Be7 24. Bxe7+ Kxe7 25. Nc5 Ra7 26. Re3 h5 27. f3 Rg5 28. b4 hxg4 29. fxg4 f5 30. gxf5 Rxf5 31. Rd2 Rh5 32. Kb2 e5 33. c4 f6 34. a4 Rh4 35. Kb3 Bd7 36. b5 axb5 37. axb5 Bc8 38. b6 Ra8 39. Kb4 Rxh3 40. Rxh3 Bxh3 41. b7 Rb8 42. Kb5 1-0

[Event "12th Arad Open 2019"]
[Site "Arad"]
[Date "2019.07.30"]
[Round "8.36"]
[White "Illes, Sandor-Ferenc"]
[Black "Martian, Dragos-Daniel"]
[Result "0-1"]
[ECO "B40"]
[WhiteElo "1924"]
[BlackElo "2201"]
[Annotator "NA"]
[PlyCount "44"]
[EventDate "2019.07.24"]
[EventType "swiss"]
[EventCountry "ROU"]
[SourceTitle "playchess.com"]
[Source "ChessBase"]
[SourceQuality "1"]
[TimeControl "40/5400+30:900+30"]

1. e4 c5 2. Nf3 e6 3. b3 d6 4. d4 cxd4 5. Nxd4 Nf6 6. Bd3 Nc6 7. Nxc6 bxc6 8. Bb2 e5 9. O-O Be7 10. c4 Be6 11. Qe2 Qb6 12. Nc3 h5 13. Kh1 h4 14. Na4 Qd8 15. f4 exf4 16. e5 Nh5 17. exd6 Qxd6 18. Qe4 Rd8 19. Rad1 Bg4 20. Be2 Ng3+ 21. hxg3 hxg3+ 22. Kg1 Rh1+ 0-1

[Event "12th Arad Open 2019"]
[Site "Arad"]
[Date "2019.07.30"]
[Round "8.37"]
[White "Bulau, Andrei-Cristian"]
[Black "Pislariu, Stefanel-Vasilica"]
[Result "0-1"]
[ECO "A67"]
[WhiteElo "2169"]
[BlackElo "1934"]
[Annotator "NA"]
[PlyCount "94"]
[EventDate "2019.07.24"]
[EventType "swiss"]
[EventCountry "ROU"]
[SourceTitle "playchess.com"]
[Source "ChessBase"]
[SourceQuality "1"]
[TimeControl "40/5400+30:900+30"]

1. d4 Nf6 2. c4 e6 3. Nc3 c5 4. d5 exd5 5. cxd5 d6 6. e4 g6 7. f4 Bg7 8. Bb5+ Nfd7 9. Be2 O-O 10. Nf3 Re8 11. O-O Na6 12. f5 Ne5 13. Nxe5 Bxe5 14. Bf4 Bd4+ 15. Kh1 Nc7 16. Qd2 b5 17. fxg6 hxg6 18. Nxb5 Nxb5 19. Bxb5 Rxe4 20. Bg5 f6 21. Bd3 Rg4 22. Bf4 g5 23. Bg3 Rxg3 24. hxg3 Qf8 25. Rf2 Bd7 26. Re1 Re8 27. Kg1 Rxe1+ 28. Qxe1 Qe8 29. Kf1 Qxe1+ 30. Kxe1 Bxf2+ 31. Kxf2 f5 32. Ke3 Kf7 33. Ba6 Kf6 34. Kd3 Ke5 35. Kc4 f4 36. gxf4+ gxf4 37. b4 cxb4 38. Kxb4 Kxd5 39. Kc3 Bc6 40. Bc8 Kc5 41. Bh3 Bb5 42. Kd2 Kd4 43. Bg4 Bc6 44. Bh3 Bd5 45. a3 Be4 46. Ke2 Kc3 47. Kf2 Kb3 0-1

[Event "12th Arad Open 2019"]
[Site "Arad"]
[Date "2019.07.30"]
[Round "8.38"]
[White "Turlea, Constantin"]
[Black "Weinzettl, Ernst"]
[Result "1/2-1/2"]
[ECO "A49"]
[WhiteElo "1938"]
[BlackElo "2165"]
[Annotator "NA"]
[PlyCount "108"]
[EventDate "2019.07.24"]
[EventType "swiss"]
[EventCountry "ROU"]
[SourceTitle "playchess.com"]
[Source "ChessBase"]
[SourceQuality "1"]
[TimeControl "40/5400+30:900+30"]

1. d4 Nf6 2. Nf3 g6 3. g3 Bg7 4. Bg2 O-O 5. O-O d6 6. b3 b5 7. Bb2 Bb7 8. c4 a6 9. Nbd2 Nbd7 10. Qc2 Rb8 11. Rab1 Re8 12. Rfe1 bxc4 13. bxc4 e6 14. e4 e5 15. c5 dxc5 16. dxc5 Bc6 17. Nc4 Bxe4 18. Rxe4 Nxe4 19. Qxe4 Nxc5 20. Qc2 Qd3 21. Rc1 e4 22. Nfd2 Bxb2 23. Nxb2 Qxc2 24. Rxc2 f5 25. Bf1 Red8 26. Ndc4 Ne6 27. Ne5 Nd4 28. Rd2 Nf3+ 29. Nxf3 exf3 30. Rc2 Rb6 31. h3 Re8 32. h4 Re1 33. Nd3 Ra1 34. Nb2 Re6 35. Nd3 Rd6 36. Nb2 Rb6 37. Rd2 Re6 38. Nc4 Re2 39. Rd8+ Kg7 40. Rd7+ Kf6 41. Rxc7 Rc2 42. Rc6+ Kg7 43. Ne5 Rxc6 44. Nxc6 Rxa2 45. Nb4 Ra1 46. Nxa6 h6 47. Nc5 g5 48. hxg5 hxg5 49. Ne6+ Kf6 50. Nd4 g4 51. Nc2 Rc1 52. Ne3 Kg5 53. Nd5 Ra1 54. Nf4 Rb1 1/2-1/2

[Event "12th Arad Open 2019"]
[Site "Arad"]
[Date "2019.07.30"]
[Round "8.39"]
[White "Mozes, Ervin"]
[Black "Bucur, Denisa-Andreea"]
[Result "1-0"]
[ECO "A00"]
[WhiteElo "2121"]
[BlackElo "1943"]
[Annotator "NA"]
[PlyCount "103"]
[EventDate "2019.07.24"]
[EventType "swiss"]
[EventCountry "ROU"]
[SourceTitle "playchess.com"]
[Source "ChessBase"]
[SourceQuality "1"]
[TimeControl "40/5400+30:900+30"]

1. g3 c5 2. Bg2 Nf6 3. f4 d5 4. Nf3 Nc6 5. d3 Bf5 6. Nbd2 Qb6 7. c3 e6 8. Qa4 Qa5 9. Qxa5 Nxa5 10. Ne5 h5 11. a3 Nc6 12. Nxc6 bxc6 13. Nf3 Bd6 14. e4 dxe4 15. Ng5 e5 16. O-O Bd7 17. fxe5 Bxe5 18. Nxe4 Nxe4 19. Bxe4 O-O 20. Be3 c4 21. d4 Bc7 22. Bf4 Rfe8 23. Bg2 Bb6 24. Rfe1 Rac8 25. Kf2 Be6 26. Re5 g6 27. Rae1 Bc7 28. Rc5 Bxf4 29. gxf4 Bd5 30. Bxd5 cxd5 31. Rxe8+ Rxe8 32. Rxd5 Rb8 33. Rc5 Rxb2+ 34. Kg3 Rb3 35. Rxc4 Rxa3 36. f5 g5 37. Rc8+ Kg7 38. d5 Ra1 39. c4 Kf6 40. d6 Rd1 41. c5 Kxf5 42. Kf2 Ke6 43. c6 Rxd6 44. Re8+ Kf5 45. c7 Rc6 46. c8=Q+ Rxc8 47. Rxc8 Kg4 48. Kg2 f5 49. Rc4+ f4 50. h3+ Kf5 51. Rc5+ Kf6 52. h4 1-0

[Event "12th Arad Open 2019"]
[Site "Arad"]
[Date "2019.07.30"]
[Round "8.40"]
[White "Tunaru, Alexandru A."]
[Black "Tampea, Radu"]
[Result "1-0"]
[ECO "B30"]
[WhiteElo "2111"]
[BlackElo "1913"]
[Annotator "NA"]
[PlyCount "89"]
[EventDate "2019.07.24"]
[EventType "swiss"]
[EventCountry "ROU"]
[SourceTitle "playchess.com"]
[Source "ChessBase"]
[SourceQuality "1"]
[TimeControl "40/5400+30:900+30"]

1. e4 c5 2. Nf3 Nc6 3. Qe2 g6 4. g3 Bg7 5. Bg2 e5 6. O-O Nge7 7. d3 O-O 8. c3 d6 9. a3 f5 10. exf5 gxf5 11. Bg5 h6 12. Bxe7 Nxe7 13. b4 cxb4 14. axb4 Qc7 15. Ra3 Bd7 16. Qa2+ d5 17. Rxa7 Rxa7 18. Qxa7 Bb5 19. c4 dxc4 20. Na3 Bc6 21. dxc4 Rd8 22. b5 Bxf3 23. Bxf3 e4 24. Bg2 Bd4 25. Qa4 Qc5 26. Nb1 Ng6 27. Bh3 f4 28. Qc2 Qe5 29. Kg2 Kg7 30. Nd2 Re8 31. Re1 f3+ 32. Kg1 Bxf2+ 33. Kxf2 e3+ 34. Kxf3 Rf8+ 35. Kg2 Rf2+ 36. Kg1 Rxd2 37. Qf5 Qd4 38. Qf3 e2+ 39. Kg2 Ne5 40. Qxb7+ Kf6 41. Qa8 Nxc4 42. Qh8+ Kg6 43. Qg8+ Kh5 44. Qf7+ Kg5 45. Qf5# 1-0

[Event "12th Arad Open 2019"]
[Site "Arad"]
[Date "2019.07.31"]
[Round "9.2"]
[White "Schitco, Ivan"]
[Black "Gorodetzky, David"]
[Result "1/2-1/2"]
[ECO "A13"]
[WhiteElo "2462"]
[BlackElo "2461"]
[Annotator "ChessBase"]
[PlyCount "135"]
[EventDate "2019.07.24"]
[EventType "swiss"]
[EventCountry "ROU"]
[SourceTitle "playchess.com"]
[Source "ChessBase"]
[SourceQuality "1"]
[TimeControl "40/5400+30:900+30"]

1. c4 e6 2. g3 d5 3. Bg2 Nf6 4. Nf3 a6 5. b3 b6 6. Bb2 Bb7 7. O-O Nbd7 8. Nc3 dxc4 9. bxc4 c5 10. e3 Bd6 11. Qe2 O-O 12. Ne1 Bxg2 13. Kxg2 Be5 14. f4 Bxc3 15. Bxc3 b5 16. cxb5 axb5 17. Qxb5 Ne4 18. Qc4 Nxc3 19. Qxc3 Nf6 20. Nf3 Qd5 21. Rfc1 Ne4 22. Qc4 Ra3 23. Qxd5 exd5 24. Rc2 Rfa8 25. Ng5 Nxg5 26. fxg5 c4 27. Kf3 Kf8 28. Kf4 Ke7 29. Ke5 R8a5 30. Rb2 f6+ 31. gxf6+ gxf6+ 32. Kf4 Kf7 33. g4 c3 34. dxc3 Rxc3 35. Rd2 Raa3 36. Re1 Ra4+ 37. e4 Rcc4 38. Rxd5 Rxa2 39. Rd7+ Kg6 40. h4 Rf2+ 41. Kg3 Rfc2 42. Rf1 R4c3+ 43. Kf4 Rc7 44. h5+ Kh6 45. Rxc7 Rxc7 46. Kf5 Re7 47. Rd1 Kg7 48. h6+ Kf7 49. Rd5 Rc7 50. Rd6 Rc5+ 51. Rd5 Rc7 52. g5 fxg5 53. Rd6 Ke7 54. Ra6 Kf7 55. Kxg5 Rc5+ 56. Kf4 Rh5 57. Ra7+ Kg6 58. Rg7+ Kxh6 59. Rg1 Rg5 60. Rh1+ Kg6 61. Rxh7 Kxh7 62. Kxg5 Kg7 63. Kf5 Kf7 64. e5 Ke7 65. e6 Ke8 66. Kf6 Kf8 67. e7+ Ke8 68. Ke6 1/2-1/2

[Event "12th Arad Open 2019"]
[Site "Arad"]
[Date "2019.07.31"]
[Round "9.3"]
[White "Soltanici, Ruslan"]
[Black "Bogdan, Dan"]
[Result "1-0"]
[ECO "B34"]
[WhiteElo "2408"]
[BlackElo "2370"]
[Annotator "NA"]
[PlyCount "107"]
[EventDate "2019.07.24"]
[EventType "swiss"]
[EventCountry "ROU"]
[SourceTitle "playchess.com"]
[Source "ChessBase"]
[SourceQuality "1"]
[TimeControl "40/5400+30:900+30"]

1. e4 c5 2. Nf3 Nc6 3. d4 cxd4 4. Nxd4 g6 5. Nc3 Bg7 6. Be3 Nf6 7. Nxc6 bxc6 8. e5 Ng8 9. Bd4 Qc7 10. f4 f6 11. Qe2 fxe5 12. Bxe5 Bxe5 13. fxe5 Nh6 14. O-O-O Nf7 15. e6 dxe6 16. g3 O-O 17. Bg2 Rb8 18. Qc4 Qb6 19. Na4 Qe3+ 20. Kb1 Ne5 21. Qd4 Qxd4 22. Rxd4 Rf2 23. Bh3 Kf7 24. b3 Ke8 25. Nc5 Nf3 26. Ra4 Ng5 27. Bf1 e5 28. Nd3 Rf5 29. Bg2 e4 30. Bxe4 Nxe4 31. Rxe4 Rf7 32. Ne5 Rf6 33. Rhe1 Bf5 34. Ra4 Rb7 35. g4 Bc8 36. g5 Re6 37. Rae4 Rc7 38. Rh4 Kf8 39. Rxh7 Kg8 40. Rh4 c5 41. Rhe4 Rd6 42. Nc4 Rdd7 43. h4 Kg7 44. Kb2 Kg8 45. R4e3 Kg7 46. Ne5 Rd6 47. Rf1 Bf5 48. h5 e6 49. h6+ Kh8 50. Nc4 Rd8 51. Re5 Rd5 52. Rxd5 exd5 53. Ne3 Be4 54. Rf8+ {[%emt 0:00:18] Bf5} 1-0

[Event "12th Arad Open 2019"]
[Site "Arad"]
[Date "2019.07.31"]
[Round "9.6"]
[White "Bonte, Andrei-Mihai"]
[Black "Jianu, Vlad-Cristian"]
[Result "0-1"]
[ECO "E46"]
[WhiteElo "2337"]
[BlackElo "2523"]
[Annotator "ChessBase"]
[PlyCount "60"]
[EventDate "2019.07.24"]
[EventType "swiss"]
[EventCountry "ROU"]
[SourceTitle "playchess.com"]
[Source "ChessBase"]
[SourceQuality "1"]
[TimeControl "40/5400+30:900+30"]

1. d4 Nf6 2. c4 e6 3. Nc3 Bb4 4. e3 O-O 5. Nge2 c6 6. g3 d5 7. Qb3 Qe7 8. Bg2 Nbd7 9. cxd5 exd5 10. O-O Nb6 11. Qc2 Re8 12. f3 c5 13. Nd1 cxd4 14. Nxd4 Bd7 15. b3 a5 16. a4 Rac8 17. Qd3 Be6 18. Bb2 Nbd7 19. Rf2 Nc5 20. Qf1 Nfd7 21. Rc2 Ne5 22. Nxe6 Qxe6 23. f4 Ng4 24. f5 Qh6 25. Bxd5 Nxb3 26. Re2 Nxa1 27. Bxa1 Nxe3 28. Nxe3 Rxe3 29. Bd4 Rxe2 30. Qxe2 Qc1+ 0-1

[Event "12th Arad Open 2019"]
[Site "Arad"]
[Date "2019.07.31"]
[Round "9.9"]
[White "Secheres, Adrian-Simion"]
[Black "Ciorgovean, Iustin"]
[Result "1-0"]
[ECO "B52"]
[WhiteElo "2394"]
[BlackElo "2330"]
[Annotator "NA"]
[PlyCount "97"]
[EventDate "2019.07.24"]
[EventType "swiss"]
[EventCountry "ROU"]
[SourceTitle "playchess.com"]
[Source "ChessBase"]
[SourceQuality "1"]
[TimeControl "40/5400+30:900+30"]

1. e4 c5 2. Nf3 d6 3. Bb5+ Bd7 4. Bxd7+ Qxd7 5. c4 Nc6 6. Nc3 g6 7. d4 cxd4 8. Nxd4 Bg7 9. Nde2 Nf6 10. f3 O-O 11. Be3 e6 12. Qd2 Rad8 13. Rd1 b6 14. O-O Qb7 15. Bg5 Rd7 16. b3 a6 17. Qf4 Ne8 18. Qe3 b5 19. cxb5 axb5 20. Rd2 Bf6 21. Bxf6 Nxf6 22. Qg5 Kg7 23. Qxb5 Qxb5 24. Nxb5 d5 25. Rc1 Ne5 26. exd5 Nxd5 27. Rd4 Rb7 28. a4 g5 29. h3 h5 30. Ng3 Nf4 31. Re1 Nxh3+ 32. Kh2 Nc6 33. Rd6 Na5 34. gxh3 Nxb3 35. Ne4 Rc8 36. Rg1 Rc2+ 37. Rg2 Rc4 38. Nxg5 Kf8 39. Ra6 Rd7 40. Nd6 Rf4 41. Rb2 Nc5 42. Rc6 Nxa4 43. Rb8+ Kg7 44. Nge4 Rxf3 45. Rc2 f6 46. Rg2+ Kh7 47. Rf8 Nc3 48. Nxc3 Rg7 49. Nce4 1-0

[Event "12th Arad Open 2019"]
[Site "Arad"]
[Date "2019.07.31"]
[Round "9.10"]
[White "Talu, Mircea"]
[Black "Banzea, Alexandru-Bogdan"]
[Result "0-1"]
[ECO "D71"]
[WhiteElo "2278"]
[BlackElo "2405"]
[Annotator "NA"]
[PlyCount "132"]
[EventDate "2019.07.24"]
[EventType "swiss"]
[EventCountry "ROU"]
[SourceTitle "playchess.com"]
[Source "ChessBase"]
[SourceQuality "1"]
[TimeControl "40/5400+30:900+30"]

1. d4 Nf6 2. c4 g6 3. g3 Bg7 4. Bg2 O-O 5. Nc3 d6 6. Nf3 c6 7. O-O Na6 8. h3 Qb6 9. e4 e5 10. dxe5 dxe5 11. Qe2 Nc5 12. Be3 Qa5 13. Nd2 Ne6 14. Rfd1 Nd7 15. Nb3 Qb4 16. Bf1 a5 17. Qc2 a4 18. Nc1 Nd4 19. Bxd4 exd4 20. N3e2 a3 21. b3 Qe7 22. Rb1 Nc5 23. Bg2 f5 24. Nxd4 fxe4 25. Nce2 Nd3 26. Rxd3 exd3 27. Qxd3 Rd8 28. Rd1 Bf5 29. Nxf5 gxf5 30. Qc2 Rxd1+ 31. Qxd1 Rd8 32. Qc2 Qd7 33. Bf1 Qd2 34. Qxf5 Qxa2 35. Nf4 Qa1 36. Qe6+ Kh8 37. Qe7 Qf6 38. Qxa3 Qd6 39. Qxd6 Rxd6 40. b4 Rd2 41. b5 c5 42. Kg2 Bd4 43. Ne2 b6 44. Nxd4 cxd4 45. Kf3 Rd1 46. Be2 Re1 47. Bd3 Kg7 48. Be4 h6 49. Kf4 Kf6 50. Bd3 Ke6 51. g4 Kd6 52. h4 Rh1 53. h5 Rh3 54. Bg6 d3 55. g5 d2 56. Bc2 Rc3 57. Bd1 hxg5+ 58. Kxg5 Rc1 59. Be2 Re1 60. Bf3 Ke5 61. h6 Rg1+ 62. Kh5 Kf4 63. Be2 Kf5 64. Bd3+ Kf6 65. Be2 d1=Q 66. Bxd1 Rxd1 0-1

[Event "12th Arad Open 2019"]
[Site "Arad"]
[Date "2019.07.31"]
[Round "9.11"]
[White "Pop, Alexandru"]
[Black "Song, Raymond"]
[Result "1-0"]
[ECO "A10"]
[WhiteElo "2276"]
[BlackElo "2456"]
[Annotator "ChessBase"]
[PlyCount "125"]
[EventDate "2019.07.24"]
[EventType "swiss"]
[EventCountry "ROU"]
[SourceTitle "playchess.com"]
[Source "ChessBase"]
[SourceQuality "1"]
[TimeControl "40/5400+30:900+30"]

1. c4 f5 2. Nf3 Nf6 3. Nc3 d6 4. d4 g6 5. e3 Bg7 6. Be2 O-O 7. O-O c6 8. b4 e5 9. Bb2 e4 10. Nd2 Na6 11. b5 Nc7 12. a4 Ne6 13. a5 c5 14. Nb3 Bd7 15. f3 Rc8 16. dxc5 dxc5 17. f4 h5 18. Qd2 Rf7 19. Rfd1 Qf8 20. Nd5 Ne8 21. h4 Nd8 22. Qc2 Be6 23. Bxg7 Qxg7 24. Nc3 Rd7 25. Na4 Qe7 26. Qb2 Rxd1+ 27. Rxd1 Qxh4 28. Naxc5 Bf7 29. Bf1 Nf6 30. Be2 Be8 31. Qe5 b6 32. Nb7 Nf7 33. Qe6 Bd7 34. Rxd7 Qe1+ 35. Kh2 Qh4+ 36. Kg1 Qe1+ 37. Bf1 Qxe3+ 38. Kh1 Nxd7 39. Nd6 Kg7 40. Qxf7+ Kh6 41. Qxd7 Qxf4 42. Nf7+ Kg7 43. Nd8+ Kh6 44. Qg7+ Kxg7 45. Ne6+ Kf6 46. Nxf4 Rd8 47. Nd5+ Ke5 48. Kg1 f4 49. Nxb6 Rd1 50. Nd5 Rb1 51. Nc5 g5 52. Nxe4 g4 53. Nef6 f3 54. gxf3 gxf3 55. Nxh5 Kd4 56. Nhf4 Rb2 57. Ne6+ Ke5 58. Ng5 f2+ 59. Kg2 Kd4 60. Ne6+ Ke5 61. Nd8 Kd6 62. a6 Kc5 63. Nc6 1-0